 Dungeon Crawl Stone Soup version 0.22.0-25-g7663229ff0 (webtiles) character file.

140 LLavrengius the Chiller (level 5, -2/39 HPs)
             Began as a Barachi Ice Elementalist on Aug 20, 2018.
             Slain by Natasha (3 damage)
             ... on level 3 of the Dungeon.
             The game lasted 00:15:47 (3077 turns).

LLavrengius the Chiller (Barachi Ice Elementalist)  Turns: 3077, Time: 00:15:47

Health: -2/39      AC:  2    Str: 10    XL:     5   Next: 23%
Magic:  0/8        EV: 11    Int: 16    God:
Gold:   165        SH:  0    Dex: 12    Spells: 2/8 levels left

rFire    . . .     SeeInvis .   i - +0 short sword
rCold    . . .     Gourm    .   (no shield)
rNeg     . . .     Faith    .   a - +0 robe
rPois    +         Spirit   .   (no helmet)
rElec    .         Reflect  .   (no cloak)
rCorr    .         Harm     .   (no gloves)
MR       .....                  (no boots)
Stlth    ++........             (no amulet)
HPRegen  0.13/turn              f - -2 ring of evasion (curse)
MPRegen  0.11/turn              l - ring of poison resistance

@: slowed, very slow
A: +LOS, swims, slowness 1, strong legs 1
a: Hop


You were on level 3 of the Dungeon.
You were hungry.

You visited 1 branch of the dungeon, and saw 3 of its levels.

You collected 165 gold pieces.

Inventory:

Hand Weapons
 i - a +0 short sword (weapon)
Missiles
 e - 78 stones (quivered)
 g - 47 sling bullets
 h - 8 poisoned needles
 t - 22 arrows
Armour
 a - a +0 robe (worn)
 w - a +0 leather armour
Jewellery
 f - a cursed -2 ring of evasion (left hand)
 l - a ring of poison resistance (right hand)
 u - an uncursed ring of see invisible {unknown}
Scrolls
 b - a scroll of amnesia {unknown}
 j - a scroll of magic mapping {unknown}
 m - a scroll of blinking {unknown}
 o - a scroll of random uselessness {unknown}
 p - a scroll of teleportation {unknown}
 r - a scroll of remove curse {unknown}
 s - 2 scrolls of identify {unknown}
 y - a scroll of enchant armour {unknown}
Potions
 d - a potion of invisibility {unknown}
 k - a potion of curing {unknown}
 n - a potion of flight {unknown}
 q - a potion of agility {unknown}
 v - 2 potions of might {unknown}
 x - a potion of mutation {unknown}
 A - 2 potions of berserk rage {unknown}
Comestibles
 c - 5 rations
 z - a chunk of flesh


   Skills:
 + Level 2.6 Fighting
 + Level 3.5 Dodging
 - Level 2.0 Stealth
 - Level 2.2 Spellcasting
 + Level 2.0 Conjurations
 + Level 4.8 Ice Magic


You had 2 spell levels left.
You knew the following spells:

 Your Spells              Type           Power        Failure   Level  Hunger
a - Freeze                Ice            ###.         2%          1    #......
b - Throw Frost           Conj/Ice       ##....       8%          2    ###....
c - Ozocubu's Armour      Chrm/Ice       #.......     22%         3    ###....

Your spell library contained the following spells:

 Spells                   Type           Power        Failure   Level  Hunger
 Throw Icicle             Conj/Ice       ##......     43%         4    #####..
 Summon Ice Beast         Ice/Summ       #.......     58%         4    #####..


Dungeon Overview and Level Annotations

Branches:
Dungeon (3/15)

Altars:
Kikubaaqudgha
Nemelex Xobeh

Annotations:
D:3 Natasha


Innate Abilities, Weirdness & Mutations

Shadows flee at your approach. (+LOS)
You can swim through water.
You cover ground slowly.
You can hop short distances.


Message History

You feel yourself slow down.
Casting: Freeze (safe; 2% risk of failure)
Confirm with . or Enter, or press ? or * to list all spells.
Aiming: Freeze (safe; 2% risk of failure)
Press: ? - help, Shift-Dir - straight line, f/p - Natasha
Aim: Natasha (severely wounded)
You freeze Natasha.
Natasha is almost dead.
Natasha claws you!
* * * LOW HITPOINT WARNING * * *
You barely miss Natasha.
Natasha is almost dead.
Natasha stares at you and mumbles some strange words.
You resist with some effort. Natasha casts a spell at you.
You resist with some effort.
You hit Natasha but do no damage.
Natasha is almost dead.
Natasha claws you.
You die...

#........................
#).......................
#........................
#........................
#......................[.
#........................
#........)...............
#........h...............
#.......@................
#........................
#..............#......##.
#............###......##.
############## #......##.
#......##. #......##.
#......##. #......##.


You could see Natasha.

Vanquished Creatures
  Natasha (twice) (D:3)
  3 adders (D:2)
  An ooze (D:1)
  4 worms
  A dart slug (D:1)
  2 leopard geckos
  4 orcs (D:3)
  4 bats
  2 giant cockroaches
  7 goblins
  3 hobgoblins
  4 kobolds
  5 rats
42 creatures vanquished.

Notes
Turn   | Place    | Note
-------+----------+-------------------------------------------
     0 | D:1      | LLavrengius the Barachi Ice Elementalist began the quest for the Orb.
     0 | D:1      | Reached XP level 1. HP: 13/13 MP: 3/3
    85 | D:1      | Found a sparkling altar of Nemelex Xobeh.
   204 | D:1      | Reached XP level 2. HP: 20/20 MP: 0/5
   260 | D:1      | Learned a level 2 spell: Throw Frost
   278 | D:1      | Reached skill level 4 in Ice Magic
   350 | D:1      | Reached skill level 1 in Fighting
  1003 | D:2      | Reached XP level 3. HP: 23/26 MP: 1/6
  1259 | D:1      | Learned a level 3 spell: Ozocubu's Armour
  1750 | D:2      | Reached XP level 4. HP: 33/33 MP: 0/7
  2247 | D:3      | Found an ancient bone altar of Kikubaaqudgha.
  2815 | D:3      | Noticed Natasha
  2820 | D:3      | Killed Natasha
  2873 | D:3      | Noticed Natasha
  2881 | D:3      | Killed Natasha
  2881 | D:3      | Reached XP level 5. HP: 28/39 MP: 0/8
  2963 | D:3      | Noticed Natasha
  3075 | D:3      | HP: 1/39 [Natasha (7)]
  3077 | D:3      | Slain by Natasha

Skill      XL: |  1  2  3  4 |
---------------+-------------+-----
Stealth        | 2 |  2.0
Ice Magic      | 4 |  4.8
Fighting       | 1 2 |  2.6
Dodging        | 3 |  3.5
Conjurations   | 2 |  2.0
Spellcasting   | |  2.2

Action                   |  1- 3 |  4- 6 || total
-------------------------+-------+-------++-------
Melee: Dagger            |    13 |       ||    13
       Short sword       |    32 |    36 ||    68
 Cast: Freeze            |    26 |    31 ||    57
       Throw Frost       |     2 |    15 ||    17
 Stab: Sleeping          |     4 |       ||     4
  Eat: Chunk             |     3 |     6 ||     9
Armor: Robe              |    18 |    10 ||    28
Dodge: Dodged            |    42 |    22 ||    64
